 Dungeon Crawl Stone Soup version 0.20.1-1-g8b1a95d66d (webtiles) character file.

9324 LarsimusPrime the Severer (level 11, -5/90 HPs)
             Began as a Hill Orc Monk on Nov 18, 2017.
             Was a High Priest of Beogh.
             Killed from afar by a lava snake (14 damage)
             ... with a glob of lava
             ... in a volcano.
             The game lasted 00:47:47 (9333 turns).

LarsimusPrime the Severer (Hill Orc Monk)           Turns: 9333, Time: 00:47:48

Health: -5/90      AC: 18    Str: 18    XL:     11   Next: 44%
Magic:  6/6        EV:  7    Int: 10    God:    Beogh [*****.]
Gold:   610        SH:  0    Dex: 13    Spells: 10/10 levels left

rFire    + . .     SeeInvis +   w - +8 Wrath of Trog {antimagic, *Rage}
rCold    + . .     Gourm    .   (shield currently unavailable)
rNeg     . . .     Faith    .   M - +0 plate armour
rPois    +         Spirit   .   s - +2 helmet
rElec    +         Reflect  .   (no cloak)
rCorr    +         Harm     .   K - +0 pair of gloves
MR       .....     Rnd*Rage +   (no boots)
Stlth    ..........             (no amulet)
Regen    0.3/turn               n - ring of magical power
MPRegen  0.1/turn               (no ring)

@: resistant, berserk cooldown, flying, slowed, very slow
A: walk on water, claws 1, see invisible, frail 1, poison resistance
a: Smiting, Recall Orcish Followers, Give Item to Named Follower, Renounce
Religion


You were in a volcano.
You worshipped Beogh.
Beogh was extremely pleased with you.
You were not hungry.

You visited 2 branches of the dungeon, and saw 12 of its levels.
You also visited: Volcano.

You collected 610 gold pieces.

Inventory:

Hand Weapons
 a - a +0 hand axe
 j - a +0 club
 w - the +8 Wrath of Trog (weapon) {antimagic, *Rage}
   (You found it on level 4 of the Dungeon)

   It reduces the magical energy of the wielder, and disrupts the spells and
   magical abilities of those hit.
   Natural abilities and divine invocations are not affected.
   It may make you go berserk in combat.
 Q - a +4 war axe
 R - a cursed +3 halberd
Missiles
 t - 2 steel javelins
 L - 13 tomahawks (quivered)
Armour
 b - a +0 robe
 s - a +2 helmet (worn)
 u - a +0 ring mail
 K - a +0 pair of gloves (worn)
 M - a +0 plate armour (worn)
Jewellery
 m - an uncursed ring of ice
 n - a ring of magical power (left hand)
Wands
 v - a wand of flame (35/48)
 y - a wand of digging (24/24)
 A - a wand of flame (24/48)
 F - a wand of confusion (29/48)
 N - a wand of disintegration (11/24)
 O - a wand of random effects (3/48)
Scrolls
 f - 2 scrolls of immolation
 k - 9 scrolls of identify
 o - 2 scrolls of amnesia
 p - 2 scrolls of noise
 r - 2 scrolls of enchant armour
 x - 4 scrolls of remove curse
 E - a scroll of fear
Potions
 h - 2 potions of curing
 q - a potion of brilliance
 D - a potion of might
Books
 e - a book of Minor Magic

   Spells                             Type                      Level
   a - Magic Dart                     Conjuration                  1
   b - Blink                          Translocation                2
   c - Call Imp                       Summoning                    2
   d - Slow                           Hexes                        2
   e - Conjure Flame                  Conjuration/Fire             3
   f - Mephitic Cloud                 Conjuration/Poison/Air       3
 z - a book of Minor Magic

   Spells                             Type                      Level
   a - Magic Dart                     Conjuration                  1
   b - Blink                          Translocation                2
   c - Call Imp                       Summoning                    2
   d - Slow                           Hexes                        2
   e - Conjure Flame                  Conjuration/Fire             3
   f - Mephitic Cloud                 Conjuration/Poison/Air       3
 C - a book of Air

   Spells                             Type                      Level
   a - Shock                          Conjuration/Air              1
   b - Swiftness                      Charms/Air                   2
   c - Static Discharge               Conjuration/Air              3
   d - Airstrike                      Air                          4
   e - Lightning Bolt                 Conjuration/Air              5
Comestibles
 c - 3 bread rations
 g - 6 meat rations
 l - 6 royal jellies
 B - 5 fruits


   Skills:
 + Level 10.5 Fighting
 + Level 16.8 Axes
 + Level 8.3 Armour
 - Level 2.4 Dodging
 - Level 1.5 Stealth


You had 10 spell levels left.
You didn't know any spells.

Dungeon Overview and Level Annotations

Branches:
Dungeon (10/15)            Temple (0/1) D:6            Lair (2/6) D:9
 Shoals (0/4) Lair:2
  Snake: Lair:2-4    Spider: Lair:2-4       Orc: D:9-12

Altars:
Ashenzari
Dithmenos
Nemelex Xobeh
Qazlal
Ru
Sif Muna
Vehumet
Yredelemnul
The Shining One

Shops:
D:5 }   D:7 *


Innate Abilities, Weirdness & Mutations

You can walk on water.
You have sharp fingernails.
You have supernaturally acute eyesight. (SInv)
You are frail. (-10% HP)
Your system is resistant to poisons. (rPois)


Message History

The lava snake bites you but does no damage. x2
It was a potion of flight.
You feel very buoyant.
You fly up into the air.
The fire bat bites you but does no damage. x2
The lava snake closely misses you.
The lava snake bites you but does no damage.
The lava snake barely misses you. The lava snake bites you.
* * * LOW HITPOINT WARNING * * *
You are engulfed in flames.
You resist.
* * * LOW HITPOINT WARNING * * *
You slash the lava snake!
You kill the lava snake!
Beogh accepts your kill.
You closely miss the lava snake. The fire bat barely misses you.
The fire bat closely misses you.
The fire bat bites you but does no damage.
The lava snake spits lava at you. The glob of lava hits you!
You partially resist.
You die...

§≈≈≈≈≈≈≈.#
§§≈§≈≈≈≈≈§§§#
≈≈§§§≈≈≈≈≈≈.
≈≈§≈§≈§≈§≈. #
≈≈§≈≈§§§§.# #
.≈§§§§§≈§§§≈≈§≈≈.#
##.§§≈≈§≈≈≈§§≈≈bS§.#
.##.§≈≈§§≈≈≈≈≈≈S≈.#
.∩#§§§§§§≈≈≈≈≈≈b@.##
.##.≈§≈≈≈§§≈≈≈§....#
.#..§§§≈§≈≈§≈≈...###
##..≈≈§§§§≈§§....#
##...≈§§≈≈≈§§...##
......≈≈≈§§.§...#
#.#...≈.§§≈....##
###.....§§≈....#
###.§.§≈....##


You could see 2 fire bats and 2 lava snakes.

Vanquished Creatures
  Fannar (Lair:2)
  An oklob plant (D:9)
  3 merfolk sirens (Lair:2)
  A spiny frog (Lair:2)
  2 komodo dragons
  A merfolk (Lair:2)
  A hippogriff (D:10)
  4 fire bats (Volcano)
  Menkaure (D:4)
  2 water moccasins
  2 sky beasts
  An ice beast (D:8)
  An orc warrior (D:10)
  An eye of draining (D:4)
  A black bear (D:7)
  4 ogres
  5 centaurs
  A crocodile (Lair:2)
  2 big kobolds
  4 bullfrogs
  A gnoll sergeant (D:6)
  A wyvern skeleton (D:9)
  3 scorpions
  4 killer bees
  4 wights (D:10)
  2 howler monkeys (D:8)
  5 crimson imps
  2 lava snakes (Volcano)
  A quasit (D:8)
  A centaur zombie (D:6)
  6 jellies
  2 hounds
  2 bullfrog skeletons (D:5)
  2 orc priests
  A centaur skeleton (D:4)
  4 iguanas
  2 orc wizards
  Natasha (thrice) (D:3)
  Terence (D:3)
  4 worker ants
  A hound zombie (D:6)
  Robin (D:3)
  A worker ant zombie (D:6)
  7 gnolls
  9 adders
  3 shadow imps
  An ooze (D:3)
  A spectral adder (D:9)
  An adder zombie (D:6)
  An adder skeleton (D:8)
  6 worms
  2 dart slugs
  2 leopard geckos (D:4)
  9 orcs
  2 ball pythons (D:3)
  A giant cockroach (D:3)
  13 goblins
  4 hobgoblins
  9 jackals
  5 quokkas
  9 bats
  2 frilled lizards
  A jackal zombie (D:9)
  11 kobolds
  A leopard gecko zombie (D:7)
  7 rats
  A plant (D:9)
201 creatures vanquished.

Vanquished Creatures (collateral kills)
  A two-headed ogre (D:10)
  Eustachio (D:6)
  A hungry ghost (D:8)
  A water moccasin (D:8)
  2 ice beasts
  2 ogres
  A wight (D:10)
  7 killer bees
  9 jellies
  A bullfrog zombie (D:9)
  A centaur skeleton (D:9)
  A hound (D:10)
  A bullfrog skeleton (D:8)
  A worker ant (D:10)
  An adder (D:10)
  A gnoll (D:6)
  7 oozes (D:9)
  An adder zombie (D:6)
  An adder skeleton (D:9)
  A giant cockroach (D:5)
  3 jackals (D:8)
  2 kobolds (D:10)
47 creatures vanquished.

Vanquished Creatures (others)
  2 orc warriors (D:7)
  A leopard gecko (D:3)
  4 orcs
  4 fungi (D:9)
  2 plants (D:9)
13 creatures vanquished.

Grand Total: 261 creatures vanquished

Notes
Turn   | Place    | Note
-------+----------+-------------------------------------------
     0 | D:1      | LarsimusPrime the Hill Orc Monk began the quest for the Orb.
     0 | D:1      | Reached XP level 1. HP: 19/19 MP: 1/1
    74 | D:1      | Found a shattered altar of Ashenzari.
   205 | D:1      | Reached XP level 2. HP: 20/27 MP: 2/2
  1265 | D:2      | Reached skill level 5 in Axes
  1265 | D:2      | Reached XP level 3. HP: 22/33 MP: 3/3
  1496 | D:3      | Became a worshipper of Beogh the Brigand
  1496 | D:3      | Reached * piety under Beogh
  1496 | D:3      | Reached ** piety under Beogh
  1518 | D:3      | Reached XP level 4. HP: 21/41 MP: 4/4
  1793 | D:3      | Noticed Terence
  1808 | D:3      | Killed Terence
  2062 | D:3      | Reached skill level 6 in Axes
  2063 | D:3      | Noticed Natasha
  2073 | D:3      | HP: 2/41 [Natasha/magic dart (6)]
  2079 | D:3      | HP: 1/61 [crimson imp[Natasha] (1)]
  2081 | D:3      | Killed Natasha
  2084 | D:3      | Reached XP level 5. HP: 2/47 MP: 5/5
  2093 | D:3      | Gained mutation: You passively map a small area around you. [potion of mutation]
  2093 | D:3      | Gained mutation: Your system is resistant to poisons. (rPois) [potion of mutation]
  2093 | D:3      | Gained mutation: You evolve. [potion of mutation]
  2399 | D:3      | Noticed Natasha
  2410 | D:3      | Killed Natasha
  2410 | D:3      | Reached skill level 5 in Fighting
  2461 | D:3      | Found a sacrificial altar of Ru.
  2660 | D:3      | Found a stormy altar of Qazlal.
  2681 | D:3      | Reached skill level 7 in Axes
  2717 | D:3      | Noticed Robin
  2737 | D:3      | HP: 2/48 [Robin/falchion (8)]
  2738 | D:3      | Killed Robin
  3142 | D:3      | Reached XP level 6. HP: 56/56 MP: 6/6
  3193 | D:3      | Noticed Natasha
  3209 | D:3      | Killed Natasha
  3209 | D:3      | Reached skill level 1 in Armour
  3607 | D:4      | Found a basalt altar of Yredelemnul.
  3648 | D:4      | Reached skill level 8 in Axes
  3809 | D:4      | Noticed Menkaure
  3816 | D:4      | Killed Menkaure
  3816 | D:4      | Reached *** piety under Beogh
  3816 | D:4      | Reached XP level 7. HP: 24/61 MP: 5/7
  4122 | D:4      | Reached skill level 9 in Axes
  4464 | D:5      | Entered Level 5 of the Dungeon
  4866 | D:5      | Found a sparkling altar of Nemelex Xobeh.
  4882 | D:5      | Found Viexaitz's Gadget Shoppe.
  4989 | D:5      | Reached XP level 8. HP: 70/70 MP: 5/8
  5048 | D:5      | Found a deep blue altar of Sif Muna.
  5056 | D:5      | Reached skill level 10 in Axes
  5182 | D:6      | Noticed Eustachio
  5186 | D:6      | Killed Eustachio
  5261 | D:6      | Found a staircase to the Ecumenical Temple.
  5411 | D:6      | Reached skill level 11 in Axes
  5466 | D:6      | Reached skill level 5 in Armour
  5516 | D:6      | Found a radiant altar of Vehumet.
  5654 | D:7      | Found Weotuad's General Store.
  5728 | D:7      | Reached XP level 9. HP: 78/78 MP: 6/9
  5736 | D:7      | Reached skill level 12 in Axes
  5748 | D:7      | Reached **** piety under Beogh
  6161 | D:7      | You fall through a shaft!
  6183 | D:8      | Found a shadowy altar of Dithmenos.
  6651 | D:8      | Reached skill level 13 in Axes
  6824 | D:8      | Lost mutation: You passively map a small area around you. [potion of mutation]
  6824 | D:8      | Lost mutation: You evolve. [potion of mutation]
  6824 | D:8      | Lost mutation: Your system is resistant to poisons. (rPois) [potion of mutation]
  6824 | D:8      | Gained mutation: Your system is resistant to poisons. (rPois) [potion of mutation]
  6824 | D:8      | Gained mutation: You have supernaturally acute eyesight. (SInv) [potion of mutation]
  6824 | D:8      | Gained mutation: You are frail. (-10% HP) [potion of mutation]
  6824 | D:8      | Gained mutation: You have sharp fingernails. [potion of mutation]
  7341 | D:9      | Reached XP level 10. HP: 80/80 MP: 6/10
  7431 | D:9      | Found a staircase to the Lair.
  7434 | D:9      | Reached skill level 14 in Axes
  7474 | D:9      | Reached ***** piety under Beogh
  7643 | D:9      | Found a glowing golden altar of the Shining One.
  7758 | D:9      | Noticed an oklob plant
  7822 | D:9      | Killed an oklob plant
  7895 | D:10     | Entered Level 10 of the Dungeon
  8025 | D:10     | Noticed a two-headed ogre
  8031 | D:10     | Killed a two-headed ogre
  8031 | D:10     | Reached skill level 15 in Axes
  8561 | Lair:1   | Entered Level 1 of the Lair of Beasts
  8574 | Lair:1   | You fall through a shaft!
  8629 | Lair:2   | Noticed a merfolk siren
  8631 | Lair:2   | Found a staircase to the Shoals.
  8631 | Lair:2   | Noticed a merfolk siren
  8631 | Lair:2   | Noticed a merfolk siren
  8639 | Lair:2   | Killed a merfolk siren
  8639 | Lair:2   | Reached XP level 11. HP: 89/89 MP: 6/11
  8650 | Lair:2   | Reached skill level 10 in Fighting
  8650 | Lair:2   | Reached skill level 16 in Axes
  8731 | Lair:2   | Noticed Fannar
  8743 | Lair:2   | Killed Fannar
  8868 | Lair:2   | Found a dark tunnel.
  8990 | Volcano  | Entered a volcano
  9333 | Volcano  | Killed from afar by a lava snake

Skill      XL: |  1  2  3  4  5  6  7  8  9 10 11 |
---------------+----------------------------------+-----
Fighting       | 4 5 6 8 9 10 | 10.5
Axes           | 5 6 7 8 9 11 13 15 16 | 16.8
Armour         | 2 3 5 6 7 8 |  8.3
Dodging        | |  2.4
Stealth        | |  1.5

Action                   |  1- 3 |  4- 6 |  7- 9 | 10-12 || total
-------------------------+-------+-------+-------+-------++-------
Melee: Hand axe          |    77 |   175 |       |       ||   252
       Battleaxe         |       |     9 |   173 |   132 ||   314
Invok: Convert to Beogh  |     1 |       |       |       ||     1
       Recall Orcish Fol |       |       |     1 |     2 ||     3
       Smiting           |       |       |       |     1 ||     1
  Use: Potion            |       |     6 |     3 |     2 ||    11
       Scroll            |       |     1 |     2 |    11 ||    14
 Stab: Sleeping          |     3 |     1 |     1 |       ||     5
  Eat: Chunk             |     2 |     7 |    14 |     5 ||    28
       Fruit             |       |       |       |     2 ||     2
Armor: Robe              |    12 |       |       |       ||    12
       Ring mail         |       |    69 |    70 |       ||   139
       Skin              |       |     5 |       |       ||     5
       Plate armour      |       |       |    11 |   122 ||   133
Dodge: Dodged            |    53 |   108 |   108 |    52 ||   321
